[Event "French Top 16-A 2024"]
[Site "Chartres"]
[Date "2024.06.01"]
[Round "2.5"]
[White "Barseghyan, Harutyun"]
[Black "Flom, Gabriel"]
[Result "0-1"]
[ECO "A45"]
[WhiteElo "2431"]
[BlackElo "2431"]
[Annotator "RC"]
[PlyCount "68"]
[EventDate "2024.06.01"]
[EventType "team-tourn"]
[EventCountry "FRA"]
[SourceTitle "playchess.com"]
[Source "ChessBase"]
[SourceQuality "1"]
[TimeControl "40/5400+30:1800+30"]

1. d4 Nf6 2. Bg5 c5 3. d5 Ne4 4. Bf4 e6 5. f3 Bd6 6. Bxd6 Nxd6 7. e4 e5 8. Nd2 b5 9. a4 b4 10. a5 Ba6 11. Bxa6 Nxa6 12. Nh3 c4 13. Qe2 Rc8 14. O-O O-O 15. Nf2 Qc7 16. Ng4 Nb5 17. b3 Nd4 18. Qxc4 Qb7 19. Nxe5 Rxc4 20. Ndxc4 Nxc2 21. Rad1 f6 22. Nd6 Qb8 23. Nec4 Nc5 24. f4 Nxb3 25. e5 Nbd4 26. f5 fxe5 27. f6 Rxf6 28. Ne4 Rxf1+ 29. Rxf1 Na3 30. Nb2 Qb5 31. d6 Qe2 32. Nc5 Qxb2 33. Nxd7 Ne2+ 34. Kh1 Nf4 0-1

[Event "French Top 16-A 2024"]
[Site "Chartres"]
[Date "2024.06.01"]
[Round "2.6"]
[White "Tregubov, Pavel V."]
[Black "Hejazipour, Mitra"]
[Result "1-0"]
[ECO "D47"]
[WhiteElo "2562"]
[BlackElo "2376"]
[Annotator "TA"]
[PlyCount "43"]
[EventDate "2024.06.01"]
[EventType "team-tourn"]
[EventCountry "FRA"]
[SourceTitle "playchess.com"]
[Source "ChessBase"]
[SourceQuality "1"]
[TimeControl "40/5400+30:1800+30"]

1. Nf3 Nf6 2. c4 e6 3. Nc3 d5 4. d4 c6 5. e3 Nbd7 6. Bd3 dxc4 7. Bxc4 b5 8. Be2 b4 9. Na4 Qa5 10. O-O c5 (10... Ba6 $14 11. Bxa6 Qxa6) 11. Bd2 $16 Ba6 {[%emt 0:27:13] Hoping for ...Bxe2.} 12. b3 {[%emt 0:00:00] White is better.} Bxe2 13. Qxe2 Ne4 14. Rfc1 Nxd2 15. Qxd2 cxd4 16. Nxd4 Qd5 {[%emt 0:00:46] [#]} (16... Be7 $16 17. Nc6 Qd5 18. Qxd5 exd5) 17. e4 $1 Qb7 18. Rc2 {[%emt 0:00:00] Rac1 would now be deadly. White has more active pieces. The black rooks are passive.} Nb6 (18... Nf6 $16) 19. Nxb6 $18 Qxb6 20. Nc6 {[%emt 0:00:00] Inhibits Rd8. Rd1 is the strong threat.} Rc8 $2 {[%emt 0:07:28] [#]} (20... Be7 21. Nxe7 Kxe7) 21. Rd1 $1 Qc7 {[%emt 0:00:34] [#] Prevents Qd7+.} 22. Nxa7 $1 {[%emt 0:00:00][%mdl 512] Weighted Error Value: White=0.07 (flawless) /Black=0.32.  Mistake:       	White=1     	Black=4      Inaccurate:     	---       	Black=1      OK:         	White=6     	Black=4      Best:        	White=1     	---} 1-0

[Event "French Top 16-A 2024"]
[Site "Chartres"]
[Date "2024.06.01"]
[Round "2.6"]
[White "Girel, Joseph"]
[Black "Vitoux, Colomban"]
[Result "1-0"]
[ECO "C02"]
[WhiteElo "2477"]
[BlackElo "2374"]
[Annotator "TA"]
[PlyCount "91"]
[EventDate "2024.06.01"]
[EventType "team-tourn"]
[EventCountry "FRA"]
[SourceTitle "playchess.com"]
[Source "ChessBase"]
[SourceQuality "1"]
[TimeControl "40/5400+30:1800+30"]

1. e4 e6 2. d4 d5 3. e5 c5 4. c3 Qa5 5. dxc5 Qc7 6. Nf3 {[%emt 0:02:47] C02: French: Advance Variation.} Nd7 7. b4 $1 Nxe5 8. Nxe5 $146 (8. Bf4 $1 $16 Nxf3+ 9. Qxf3) ({Predecessor:} 8. Bf4 Nxf3+ 9. Qxf3 Qd8 10. Na3 a6 11. Bd3 g6 12. O-O Bg7 13. Rad1 Bd7 14. c4 {0-1 Milliet,S (2410)-Kosteniuk,A (2518) FIDE Grand Swiss (Women) 2021 (1)}) 8... Qxe5+ $11 9. Be3 Nf6 10. Bb5+ Bd7 11. a4 Be7 12. O-O O-O 13. Re1 (13. Bd4 $5 Qc7 $8 14. Bxd7 Nxd7 15. c4 dxc4 16. Nc3 $17) 13... Qc7 14. Nd2 b6 15. Nb3 Bxb5 16. axb5 Ne4 (16... bxc5 $1 $11 17. Nxc5 (17. bxc5 Rfb8 $14) 17... Nd7) 17. f3 $1 $14 (17. Qd4 $2 Bf6 18. Qd3 Bxc3 $19 (18... Nxc3 19. Rec1 $16)) 17... Nxc3 18. Qd3 d4 $1 19. Bxd4 Nd5 20. Qc4 Rfc8 21. Be5 Bd6 22. Bxd6 Qxd6 23. Rac1 Qf4 24. Re4 Qg5 25. c6 ({White should play} 25. f4 $14 Qf6 26. Nd4) 25... Nc7 $1 $15 26. Nd4 Rd8 27. h4 Qd2 (27... Qh5 $15) 28. Rc2 $11 Qd1+ 29. Kh2 Rd5 (29... g6 $11) 30. Qc3 $1 $16 Qf1 31. Rc1 ({Only move:} 31. Re1 $1 $16 Nxb5 32. Qe3 (32. Rxf1 Nxc3 33. Nxe6 Nb5 $18) (32. Qd2 Qxe1 33. Qxe1 Nxd4 $18) 32... Qxe1 33. Qxe1 Nxd4 34. Rc4) 31... Nxb5 $2 (31... Qf2 $1 $11) 32. Qe3 Qxc1 33. Qxc1 Nxd4 34. c7 Rc8 {[%emt 0:00:14] [#]} 35. Rxd4 $1 Rxd4 {[%emt 0:00:01] [#]} 36. Qc6 $1 h5 (36... Rxb4 $2 {too greedy.} 37. Qd7 Rxh4+ 38. Kg3) 37. Qb7 Rxc7 38. Qb8+ Kh7 39. Qxc7 Rxh4+ 40. Kg3 Rxb4 41. Qxf7 Rb5 42. Qxe6 Rg5+ 43. Kh3 Ra5 44. f4 Ra1 45. Kh4 Rf1 46. Qf5+ 1-0

[Event "French Top 16-A 2024"]
[Site "Chartres"]
[Date "2024.06.01"]
[Round "2.7"]
[White "Migot, Tangi"]
[Black "Degraeve, Remy"]
[Result "1/2-1/2"]
[ECO "C50"]
[WhiteElo "2326"]
[BlackElo "2433"]
[Annotator "TA"]
[PlyCount "90"]
[EventDate "2024.06.01"]
[EventType "team-tourn"]
[EventCountry "FRA"]
[SourceTitle "playchess.com"]
[Source "ChessBase"]
[SourceQuality "1"]
[TimeControl "40/5400+30:1800+30"]

1. e4 e5 2. Nf3 Nc6 3. Bc4 Nf6 4. d3 Bc5 5. Nc3 a6 6. a4 d6 7. Be3 Bxe3 8. fxe3 Be6 9. Nd2 O-O 10. O-O Nb4 11. h3 Qd7 12. a5 Rad8 13. Rf2 d5 14. exd5 Nfxd5 15. Bxd5 Nxd5 16. e4 Nxc3 17. bxc3 Qc6 18. c4 b5 ({Black should try} 18... Ra8 $11) 19. axb6 $14 Qxb6 20. Qb1 Qa7 21. Qa2 Rd6 22. Qa5 f6 23. Nb3 Rc6 24. Qe1 f5 (24... Ra8 $16) 25. Kh2 $18 Rf6 (25... Bc8 $16 26. Ra5 Rcf6) 26. exf5 Bxf5 27. Ra5 ({White should play} 27. Re2) 27... Bg6 $16 28. Rxf6 gxf6 29. Rd5 (29. Nc5 $5) 29... Re6 30. Rd8+ Re8 $1 31. Rxe8+ Bxe8 $14 {[%emt 0:00:00][%mdl 4096] Endgame. [#] KQB-KQN} 32. d4 $1 Qb6 33. dxe5 fxe5 34. Qxe5 Qd6 35. Qxd6 cxd6 $11 {[%emt 0:00:04] KB-KN} 36. Kg3 Bg6 37. c3 Kf7 38. Kf4 Bc2 39. Na5 Ke6 40. Ke3 Bd1 41. g4 Kf6 42. Kf4 Be2 43. Ke3 Bd1 44. Kf4 Be2 45. Ke3 (45. h4 $1 $14) 45... Ke5 $2 {[%emt 0:24:19][%mdl 40960] Weighted Error Value: White=0.13 (very precise) /Black=0.13 (very precise) .  Loses game:     	---       	Black=1      Mistake:       	White=2     	Black=3      Inaccurate:     	White=3     	Black=1      OK:         	White=15    	Black=11     Best:        	White=1     	Black=2      Strong:       	---       	Black=1     . An unexpected result.} 1/2-1/2

[Event "French Top 16-A 2024"]
[Site "Chartres"]
[Date "2024.06.01"]
[Round "2.7"]
[White "Mathieu, Phileas"]
[Black "Delorme, Laurie"]
[Result "1-0"]
[ECO "B40"]
[WhiteElo "2302"]
[BlackElo "2075"]
[Annotator "RC"]
[PlyCount "59"]
[EventDate "2024.06.01"]
[EventType "team-tourn"]
[EventCountry "FRA"]
[SourceTitle "playchess.com"]
[Source "ChessBase"]
[SourceQuality "1"]
[TimeControl "40/5400+30:1800+30"]

1. e4 c5 2. Nc3 e6 3. Nge2 Nf6 4. d4 cxd4 5. Nxd4 Bb4 6. Qf3 Qb6 7. Nb3 O-O 8. Bd3 d5 9. exd5 Nxd5 10. O-O Nxc3 11. bxc3 Bxc3 12. Rb1 Qc7 13. Ba3 Nd7 14. Rfd1 Be5 15. g3 Re8 16. Nd2 Nb6 17. Rb5 f5 18. Re1 Nd7 19. Nc4 Bf6 20. Bxf5 Nf8 21. Bd3 Bd7 22. Rh5 Bc6 23. Qg4 g6 24. Nd6 Red8 25. Rxe6 Bd7 26. Ne4 Bg7 27. Bxf8 Rxf8 28. Rxh7 Bxe6 29. Qxg6 Qf7 30. Nf6+ 1-0

[Event "French Top 16-A 2024"]
[Site "Chartres"]
[Date "2024.06.01"]
[Round "2.8"]
[White "Delorme, Laurie"]
[Black "Fischer, Julie"]
[Result "1-0"]
[ECO "E90"]
[WhiteElo "2075"]
[BlackElo "2092"]
[Annotator "RC"]
[PlyCount "79"]
[EventDate "2024.06.01"]
[EventType "team-tourn"]
[EventCountry "FRA"]
[SourceTitle "playchess.com"]
[Source "ChessBase"]
[SourceQuality "1"]
[TimeControl "40/5400+30:1800+30"]

1. d4 Nf6 2. c4 g6 3. Nc3 Bg7 4. Nf3 O-O 5. e4 d6 6. h3 c6 7. Be3 Qa5 8. Nd2 Nbd7 9. a3 e5 10. d5 Ne8 11. g4 Qd8 12. Qc2 cxd5 13. exd5 f5 14. f3 a6 15. O-O-O b6 16. h4 fxg4 17. fxg4 Ndf6 18. g5 Ng4 19. Bg1 Bf5 20. Bd3 Rc8 21. Kb1 b5 22. Nce4 Nc7 23. Qb3 bxc4 24. Bxc4 Rb8 25. Qa4 Nb5 26. Ka2 Qc8 27. Rc1 Qb7 28. b3 Bd7 29. Qa5 Rfc8 30. a4 Rxc4 31. Rxc4 Qxd5 32. axb5 axb5 33. Rc7 Be6 34. Rxg7+ Kxg7 35. Qc7+ Bf7 36. Qxb8 Qd3 37. Qc7 d5 38. Qc3 dxe4 39. Qxd3 exd3 40. Rh3 1-0

[Event "French Top 16-A 2024"]
[Site "Chartres"]
[Date "2024.06.01"]
[Round "2.8"]
[White "Cochet, Caroline"]
[Black "Benitah, Yohan"]
[Result "0-1"]
[ECO "B26"]
[WhiteElo "1972"]
[BlackElo "2342"]
[Annotator "RC"]
[PlyCount "62"]
[EventDate "2024.06.01"]
[EventType "team-tourn"]
[EventCountry "FRA"]
[SourceTitle "playchess.com"]
[Source "ChessBase"]
[SourceQuality "1"]
[TimeControl "40/5400+30:1800+30"]

1. e4 c5 2. Nf3 d6 3. d3 Nc6 4. g3 g6 5. Bg2 Bg7 6. O-O e5 7. Nc3 Nge7 8. Be3 O-O 9. Qd2 Nd4 10. Bh6 f6 11. Bxg7 Kxg7 12. h3 Nxf3+ 13. Bxf3 Bxh3 14. Bg2 Be6 15. Rae1 Qb6 16. b3 Qb4 17. Nb1 a5 18. a4 b5 19. Qxb4 cxb4 20. axb5 Rfc8 21. Rc1 Rc5 22. c4 bxc3 23. Nxc3 Bxb3 24. Bh3 a4 25. b6 Rb8 26. Bd7 a3 27. Na4 Bxa4 28. Rxc5 dxc5 29. Bxa4 Nc8 30. Ra1 Nxb6 31. Rxa3 Ra8 0-1

[Event "French Top 16-A 2024"]
[Site "Chartres"]
[Date "2024.06.01"]
[Round "2.9"]
[White "Esipenko, Andrey"]
[Black "Alonso Rosell, Alvar"]
[Result "1/2-1/2"]
[ECO "B92"]
[WhiteElo "2704"]
[BlackElo "2556"]
[Annotator "TA"]
[PlyCount "67"]
[EventDate "2024.06.01"]
[EventType "team-tourn"]
[EventCountry "FRA"]
[SourceTitle "playchess.com"]
[Source "ChessBase"]
[SourceQuality "1"]
[TimeControl "40/5400+30:1800+30"]

1. e4 c5 2. Nf3 d6 3. d4 cxd4 4. Nxd4 Nf6 5. Nc3 a6 6. Be2 e5 7. Nb3 Be7 8. O-O O-O 9. Re1 Be6 10. Bf3 Nbd7 11. a4 Rc8 12. Be3 h5 13. h3 g6 14. a5 Nh7 15. Nd2 Bg5 16. Nf1 Ndf6 17. Bb6 Qd7 18. Ne3 Bf4 19. Ne2 Bh6 20. h4 Kh8 21. Ra3 Qe7 22. Nc3 $1 Rg8 23. Ncd5 (23. g3 $14) 23... Bxd5 24. Nxd5 Nxd5 25. Qxd5 Rxc2 26. Rd3 Rc6 $1 27. Red1 Rgc8 28. g3 Nf6 29. Qb3 Nd7 30. Ba7 Nf6 31. Kg2 Kg8 32. Bb6 Nd7 33. Ba7 Nf6 34. Bb6 {[%emt 0:02:56] Weighted Error Value: White=0.10 (very precise) /Black=0.05 (flawless) .  Mistake:       	White=1     	---        Inaccurate:     	White=2     	Black=1      OK:         	White=9     	Black=9      Best:        	---       	Black=1      Strong:       	White=1     	Black=1} 1/2-1/2

[Event "French Top 16-A 2024"]
[Site "Chartres"]
[Date "2024.06.01"]
[Round "2.9"]
[White "Travadon, Loic"]
[Black "Lupulescu, Constantin"]
[Result "1/2-1/2"]
[ECO "D00"]
[WhiteElo "2446"]
[BlackElo "2588"]
[Annotator "TA"]
[PlyCount "29"]
[EventDate "2024.06.01"]
[EventType "team-tourn"]
[EventCountry "FRA"]
[SourceTitle "playchess.com"]
[Source "ChessBase"]
[SourceQuality "1"]
[TimeControl "40/5400+30:1800+30"]

1. d4 Nf6 2. Bf4 d5 3. e3 c5 4. Nc3 a6 5. dxc5 Nc6 6. Nf3 {[%emt 0:00:50] Prevents e5.} e6 7. Na4 {[%emt 0:06:52] aiming for a3.} Nd7 8. c4 {[%emt 0:05:30] The position is equal.} Nxc5 9. Nxc5 Bxc5 10. a3 d4 11. b4 Ba7 12. exd4 {[%emt 0:05:09] White is more active.} Nxd4 {[%emt 0:02:12] [#]} 13. Be5 {[%emt 0:00:25][%csl LRd4,LRg7][%cal Re5d4] Inhibits Qf6.} Nxf3+ 14. Qxf3 Qg5 15. Qg3 {[%emt 0:05:39] Weighted Error Value: White=0.02 (flawless) /Black=0.09 (flawless) .  Mistake:       	White=1     	---        Inaccurate:     	---       	Black=1      OK:         	White=6     	Black=3} (15. Bc3 $16) 1/2-1/2

[Event "French Top 16-A 2024"]
[Site "Chartres"]
[Date "2024.06.01"]
[Round "2.10"]
[White "Parligras, Mircea-Emilian"]
[Black "Willems, Niels"]
[Result "0-1"]
[ECO "D41"]
[WhiteElo "2561"]
[BlackElo "2329"]
[Annotator "TA"]
[PlyCount "140"]
[EventDate "2024.06.01"]
[EventType "team-tourn"]
[EventCountry "FRA"]
[SourceTitle "playchess.com"]
[Source "ChessBase"]
[SourceQuality "1"]
[TimeControl "40/5400+30:1800+30"]

1. d4 Nf6 2. c4 e6 3. Nf3 d5 4. Nc3 c5 5. cxd5 Nxd5 6. e4 Nxc3 7. bxc3 cxd4 8. cxd4 Bb4+ 9. Bd2 Bxd2+ 10. Qxd2 O-O 11. Bc4 Nd7 12. O-O b6 13. Rad1 Bb7 14. Rfe1 Nf6 15. Qd3 Rc8 16. Nd2 Qc7 17. f3 Rfd8 18. Bb3 h6 19. Nf1 Qc3 20. Qxc3 Rxc3 21. Ne3 Kf8 22. Kf2 Ne8 23. Re2 Nd6 24. d5 exd5 25. Bxd5 Bxd5 26. Rxd5 Nb7 27. Rxd8+ Nxd8 28. Rd2 Ne6 29. Nf5 h5 30. h4 g6 31. Ne3 Ra3 32. Nd5 Nc5 33. Ke2 Na4 34. Rc2 Nc5 35. Nc3 Ne6 36. Kd2 Nf4 37. g3 Ne6 38. Rb2 Kg7 39. Rb4 Ra5 40. a4 Rc5 41. Kd3 Rc7 42. Rc4 Rd7+ 43. Ke3 a5 44. f4 Rb7 45. Rc6 Nc7 (45... Nc5 $11 {keeps the balance.}) 46. Nb5 Nxb5 47. axb5 a4 48. Kd3 a3 $2 (48... f6 $16 {keeps fighting.}) 49. Kc2 $18 a2 50. Kb2 Ra7 51. Ka1 $1 (51. Rxb6 a1=Q+ (51... a1=B+ $2 52. Kc2 $19) 52. Kc2 Ra2+ 53. Kd3 Qd1+ 54. Kc3 Rc2+ 55. Kb4 Qb1+ 56. Ka5 Ra2#) 51... Ra3 52. Rxb6 Rxg3 $2 (52... Ra4 53. Rc6 Rxe4) 53. Rc6 $18 (53. Kxa2 Rg4 $16) 53... Re3 54. b6 $2 (54. Kxa2 Rxe4 55. b6 Rxf4 $16) (54. e5 $18) 54... Rxe4 $14 55. Rc2 (55. Kxa2 $14 Rxf4 56. Ka3) 55... Re8 $11 (55... Rxf4 56. b7 Rb4 (56... Rxh4 $2 57. b8=Q $18) 57. Rb2 $18) (55... Rb4 $2 56. Rb2 Re4 (56... Rxf4 $2 57. b7 $18) (56... Rxb2 57. Kxb2 g5 58. b7 $18) 57. b7 $18 (57. Rxa2 Re8 $11)) 56. Kxa2 Kf6 57. Ka3 (57. b7 $5 Rb8 $8 58. Rc7 $11) 57... Rb8 58. Rb2 Kf5 59. Ka4 Kxf4 60. Kb5 Kg3 61. Rb4 $2 (61. Kc6 $11) 61... f5 $19 62. Kc6 $2 (62. Rd4) 62... f4 $19 63. Kc7 Rf8 64. b7 {[%emt 0:00:10] [#]} f3 $1 (64... Kxh4 65. Rxf4+ Rxf4 66. b8=Q $18) 65. b8=Q Rxb8 66. Rxb8 f2 67. Rf8 Kg2 $1 ({Worse is} 67... Kxh4 68. Rxf2 Kg3 69. Rf6 $11) 68. Kd6 f1=Q (68... f1=B 69. Ke5 Be2 70. Rd8 $16) 69. Rxf1 Kxf1 70. Ke5 Kg2 0-1

[Event "French Top 16-A 2024"]
[Site "Chartres"]
[Date "2024.06.01"]
[Round "2.10"]
[White "Sohier, Julien"]
[Black "Moussard, Jules"]
[Result "0-1"]
[ECO "B48"]
[WhiteElo "2214"]
[BlackElo "2611"]
[Annotator "RC"]
[PlyCount "44"]
[EventDate "2024.06.01"]
[EventType "team-tourn"]
[EventCountry "FRA"]
[SourceTitle "playchess.com"]
[Source "ChessBase"]
[SourceQuality "1"]
[TimeControl "40/5400+30:1800+30"]

1. e4 c5 2. Nc3 e6 3. Nf3 Nc6 4. d4 cxd4 5. Nxd4 Qc7 6. Be3 a6 7. g4 h6 8. Qd2 Nf6 9. f3 b5 10. Nxc6 dxc6 11. e5 Qxe5 12. O-O-O Qc7 13. Bf4 Qb6 14. g5 hxg5 15. Bxg5 Nd5 16. Nxd5 cxd5 17. Bd3 Bd7 18. Rhe1 Bd6 19. h4 Qc7 20. Kb1 f6 21. Bxb5 axb5 22. Qxd5 Ke7 0-1

[Event "French Top 16-A 2024"]
[Site "Chartres"]
[Date "2024.06.01"]
[Round "2.11"]
[White "Movsesian, Sergei"]
[Black "Ramirez Garcia, Jorge Alberto"]
[Result "1-0"]
[ECO "D78"]
[WhiteElo "2618"]
[BlackElo "2266"]
[Annotator "TA"]
[PlyCount "143"]
[EventDate "2024.06.01"]
[EventType "team-tourn"]
[EventCountry "FRA"]
[SourceTitle "playchess.com"]
[Source "ChessBase"]
[SourceQuality "1"]
[TimeControl "40/5400+30:1800+30"]

1. Nf3 d5 2. g3 c6 3. Bg2 g6 4. c4 Bg7 5. O-O Nf6 6. d4 O-O 7. Qa4 Ne4 8. Bf4 b5 9. cxb5 cxb5 10. Qb3 Nc6 11. Qxb5 Nxd4 12. Nxd4 Bxd4 13. Nc3 Bxc3 14. bxc3 Be6 15. Qb4 Rc8 16. Rac1 ({White should try} 16. Bxe4 $11 Rc4 17. Qb2 Rxe4 18. Qb5) 16... Rc4 $15 17. Qa3 Qd7 18. Be5 (18. Rfd1 $15) 18... Nd2 $1 $17 19. Rfd1 Ra4 20. Qc5 Rc8 $1 21. Qe3 Nc4 22. Qf4 Nxe5 $2 (22... Nb2 $1 $19 23. Rd4 f6 (23... Rxa2 $2 {loses.} 24. Qh6 $18) 24. Bxf6 (24. Rxa4 $2 fxe5 $19) 24... exf6 25. Qxf6 Re8 (25... Rxa2 26. Rd2 $17)) 23. Qxe5 $15 Qc7 24. Qe3 (24. Qxc7 {simplifies} Rxc7 25. Bxd5 Bxd5 26. Rxd5 Rxa2 27. Kf1) 24... Rxa2 25. Bxd5 Bxd5 26. Rxd5 Qc4 27. Re5 e6 28. Re4 Qc5 (28... Qb3 $11) 29. Rxe6 $1 $14 Qxe3 30. Rxe3 Kf8 31. Kg2 Ra3 32. Rd3 Rc4 (32... Ra2 $14 {might be stronger.}) 33. Kf3 h5 34. h4 Ke7 35. Ke3 Rc6 36. Rc2 Re6+ 37. Kd2 Rf6 38. f3 Rb6 39. c4 Ra4 40. c5 Rc6 41. e4 Ra5 42. Rd5 Rb5 43. Kd3 a5 44. Rc3 Rb1 45. Re5+ Kd7 46. Kc2 Rb4 47. Rd3+ Kc8 48. Kc3 Rc7 49. g4 hxg4 50. fxg4 f6 51. Re8+ Kb7 52. Rd5 Rb5 {[%emt 0:05:17] [#]} 53. Kd4 ({Better is} 53. Rf8 $1 $16 ) 53... Rb4+ $14 54. Kd3 (54. Ke3 $14 {is superior.}) 54... a4 55. Rdd8 Rb5 (55... Kc6 $1 $14) 56. Ra8 (56. Rf8 $16) 56... Rbxc5 $14 57. Reb8+ Kc6 58. Rxa4 Kd6 59. Rg8 Ke5 $1 60. Re8+ Kf4 61. e5+ Kf3 $2 (61... Kg3 $11 {and Black has nothing to worry.}) 62. exf6 $18 Rd5+ (62... Kg3 $142 63. h5 gxh5) 63. Rd4 $18 Rxd4+ 64. Kxd4 Kxg4 65. Re7 Rc1 66. Re4+ Kh5 67. Ke5 g5 68. hxg5 Kg6 69. Rf4 Rc7 {[%emt 0:00:27] [#]} 70. Ke6 $1 Rf7 71. Rf1 Ra7 72. f7 1-0

[Event "French Top 16-A 2024"]
[Site "Chartres"]
[Date "2024.06.01"]
[Round "2.11"]
[White "Dumas, Charles"]
[Black "Karthik Venkataraman"]
[Result "0-1"]
[ECO "C47"]
[WhiteElo "2256"]
[BlackElo "2606"]
[Annotator "TA"]
[PlyCount "92"]
[EventDate "2024.06.01"]
[EventType "team-tourn"]
[EventCountry "FRA"]
[SourceTitle "playchess.com"]
[Source "ChessBase"]
[SourceQuality "1"]
[TimeControl "40/5400+30:1800+30"]

1. e4 e5 2. Nf3 Nc6 3. Nc3 Nf6 4. d4 Bb4 5. Nxe5 Qe7 6. Qd3 Nxe5 7. dxe5 Qxe5 8. Bd2 Qe7 {[%emt 0:01:23] White is slightly better.} 9. O-O-O {[%emt 0:05:00][%cal Oe4e5] [#] e5! is the strong threat.} O-O 10. Re1 d6 11. Qg3 Re8 12. Bd3 c6 13. Kb1 Ba5 14. f4 Bc7 15. Ne2 (15. Rhf1 $16) 15... a5 (15... Nxe4 $2 {perishes.} 16. Bxe4 d5 (16... Qxe4 $2 {too greedy.} 17. Nd4 $18) 17. Bd3 $18) 16. Nd4 a4 17. Bc3 (17. a3 $16) 17... Ba5 (17... a3 $1 $11) 18. Nf5 (18. Bxa5 $1 $14 Rxa5 19. a3) 18... Bxf5 $15 19. exf5 Qd8 {[%emt 0:00:03] White must now prevent ...Bxc3.} 20. Rxe8+ Nxe8 21. Bxa5 Qxa5 22. a3 Nf6 23. Re1 Kf8 24. Re2 (24. Qf2 {simplifies} Qa7 25. Qxa7 Rxa7 26. c4) 24... Qc5 25. Qe3 Qxe3 26. Rxe3 {[%emt 0:00:03][%mdl 4096] Endgame. KRB-KRN} d5 27. Kc1 b5 28. Kd2 Rb8 29. c3 (29. Re2 $15) 29... Re8 $17 30. Rxe8+ Kxe8 {[%emt 0:00:09] KB-KN} 31. Be2 Ke7 32. Ke3 {[%emt 0:00:10] Black continues to play with concentration.} ({White should try} 32. g4 $15) 32... Kd6 33. g3 Kc5 34. Kd3 Ne4 35. Bh5 (35. g4 $17) 35... Nd6 $19 36. Kc2 f6 ({Worse is} 36... Nxf5 37. Bxf7 d4 38. Be6 $11) 37. g4 Nc4 38. h3 $2 {[%emt 0:00:16] [#]} (38. g5) 38... Ne3+ 39. Kd2 Ng2 40. Be8 Nxf4 41. h4 Ng2 42. h5 (42. Ke2) 42... h6 {[%emt 0:00:29] Black is clearly winning.} 43. Bd7 Nf4 44. Be8 Nh3 45. Ke3 Ng5 46. Kd3 Nf3 {[%emt 0:00:25] Weighted Error Value: White=0.31/Black=0.09 (flawless) .  Mistake:       	White=8     	Black=1      Inaccurate:     	White=2     	Black=4      OK:         	White=13    	Black=13     Best:        	White=2     	Black=4} 0-1

[Event "French Top 16-A 2024"]
[Site "Chartres"]
[Date "2024.06.01"]
[Round "2.12"]
[White "Milliet, Sophie"]
[Black "Warnier, Yanis"]
[Result "1-0"]
[ECO "E05"]
[WhiteElo "2385"]
[BlackElo "2171"]
[Annotator "RC"]
[PlyCount "53"]
[EventDate "2024.06.01"]
[EventType "team-tourn"]
[EventCountry "FRA"]
[SourceTitle "playchess.com"]
[Source "ChessBase"]
[SourceQuality "1"]
[TimeControl "40/5400+30:1800+30"]

1. d4 d5 2. c4 e6 3. Nf3 Nf6 4. g3 Be7 5. Bg2 O-O 6. O-O dxc4 7. Qc2 b5 8. a4 b4 9. Nfd2 Nd5 10. Nxc4 c5 11. dxc5 Ba6 12. Ne3 Nd7 13. Nxd5 exd5 14. c6 Nc5 15. Rd1 d4 16. Bf4 Rc8 17. c7 Qd7 18. h4 h6 19. Bf3 Rfe8 20. Nd2 d3 21. exd3 Bxd3 22. Qc1 Qe6 23. Re1 Qa6 24. Rxe7 Rxe7 25. Qxc5 Rce8 26. Rc1 Qc8 27. Kh2 1-0

[Event "French Top 16-A 2024"]
[Site "Chartres"]
[Date "2024.06.01"]
[Round "2.12"]
[White "De Balmann, Marc"]
[Black "Cornette, Matthieu"]
[Result "1/2-1/2"]
[ECO "A07"]
[WhiteElo "2151"]
[BlackElo "2568"]
[Annotator "TA"]
[PlyCount "106"]
[EventDate "2024.06.01"]
[EventType "team-tourn"]
[EventCountry "FRA"]
[SourceTitle "playchess.com"]
[Source "ChessBase"]
[SourceQuality "1"]
[TimeControl "40/5400+30:1800+30"]

1. Nf3 Nf6 2. g3 d5 3. Bg2 e6 4. O-O Be7 5. d3 O-O 6. Nbd2 a5 {[%emt 0:00:08] A07: Réti Opening: New York and Capablanca Systems.} 7. e4 a4 8. a3 c5 9. e5 Nfd7 10. Re1 Nc6 11. Nf1 Ra6 12. h4 f6 13. exf6 Nxf6 14. Bh3 $146 {[%emt 0:05:24] [#]} ({Predecessor:} 14. N1h2 Bd6 15. c4 dxc4 16. dxc4 e5 17. Be3 Nd4 18. Ng5 Bb8 19. Ne4 Nxe4 20. Bxe4 {0-1 Mamedov,R (2646)-Salgado Lopez,I (2591) Chessable Masters Play In rapid 2023 (7)}) 14... e5 (14... Bd6 $1 $15) 15. Bxc8 $11 Qxc8 16. Nxe5 Nxe5 17. Rxe5 Bd6 18. Re2 Ng4 19. d4 Kh8 20. Be3 c4 21. c3 Bc7 22. Qc2 b5 (22... Raf6 $11 {remains equal.}) 23. Bg5 $16 Nf6 (23... Re6 $16 {keeps fighting.} 24. Rae1 Re4 (24... Rxf2 $2 25. Rxe6 Rf8 26. Qe2 $18) 25. Rxe4 dxe4) 24. Bxf6 Raxf6 25. Rae1 h6 (25... Bd6 $142 26. f4 h6) 26. Kg2 $18 Qd7 27. Nh2 Bd6 28. Qd2 ({White should play} 28. f4 $18) 28... Qf5 $16 29. Qc2 (29. Kg1 $16) 29... Qh5 $2 (29... Qd7 $1 $11) 30. f4 $18 Bxf4 (30... Kg8 $142 31. Re6 Rxe6 32. Rxe6 Re8 33. Rxe8+ (33. Rxd6 $2 Re2+ $19) (33. g4 Qf7 $18) 33... Qxe8) 31. gxf4 $18 Rxf4 32. Kh1 Qxh4 33. Qg6 Qh3 34. Rg1 Qd7 35. Qe6 Qxe6 36. Rxe6 Rh4 37. Kg2 Rf5 38. Re3 g5 39. Rh3 Rxh3 40. Kxh3 Kg7 $2 (40... Rf2 41. Rg2 Rf4) 41. Rf1 $18 Kg6 42. Rxf5 Kxf5 43. Ng4 h5 44. Ne5 Kf4 45. Nd7 g4+ 46. Kg2 ({Wrong is} 46. Kh4 $2 g3 47. Kxh5 g2 $19) 46... h4 47. Nf6 h3+ 48. Kh2 $2 ({Better is} 48. Kg1 $18) 48... Kf3 $11 49. Nh5 (49. Nxd5 g3+ 50. Kg1 h2+ 51. Kh1 g2+ 52. Kxh2 Kf2 53. Kh3 g1=Q (53... g1=R $2 54. Kh4 $19) 54. Kh4 Kf3 55. Kh5 Qg7) 49... Kf2 $1 50. Ng3 (50. Nf4 $5) 50... Kf3 51. Nh5 Kf2 $1 52. Ng3 (52. Nf4 $5) 52... Kf3 53. Nh5 Ke4 $2 (53... Kf2 $1 $11) 1/2-1/2